Map: Frozen Temple

Players

GoodFriend

  • Race: Protoss Protoss
  • League: Master

Pokebunny - Winner!

  • Race: Terran Terran
  • League: Grandmaster

VOD

Have the link to the VOD?

Description

Time

  • Played on: April 5, 2016, 1:32 a.m.
  • Length: 6:15
Show
View Real Time Build Order
Export as new Build Order

GoodFriend Protoss 

Build Orders: Mass Adepts 

Get SALT Encoding   

  12  0:01  Probe (Chrono Boost)  
  13  0:11  Probe (Chrono Boost)  
  14  0:21  Pylon  
  14  0:23  Probe (Chrono Boost)  
  15  0:39  Probe (Chrono Boost)  
  16  0:43  Gateway  
  16  0:45  Assimilator  
  16  0:50  Probe (Chrono Boost)  
  16  0:56  Assimilator  
  17  1:01  Probe (Chrono Boost)  
  19  1:11  Probe (Chrono Boost)  
  19  1:17  Gateway  
  19  1:24  Probe (Chrono Boost)  
  20  1:30  Cybernetics Core  
  20  1:35  Probe (Chrono Boost)  
  21  1:43  Pylon  
  21  1:47  Probe (Chrono Boost)  
  22  1:57  Probe (Chrono Boost)  
  23  2:08  Mothership Core (Chrono Boost), Warp Gate (Chrono Boost)  
  25  2:20  Stalker x2  
  29  2:39  Pylon  
  29  2:50  Stalker  
  31  2:57  Stalker  
  33  3:05  Gateway  
  33  3:21  Pylon  
  31  3:46  Gateway  
  31  4:01  Adept x2  
  31  4:02  Adept  
  37  4:22  Adept x2  
  37  4:23  Adept  
  43  4:33  Pylon  
  43  4:41  Pylon  
  43  4:42  Adept x2  
  43  4:43  Pylon  
  47  4:55  Adept  
  47  4:56  Adept  
  50  5:03  Adept x2  
  52  5:16  Adept x2  
  48  5:30  Adept  
  48  5:31  Adept  
  48  5:35  Adept  
  54  5:37  Adept  
  56  5:53  Pylon  
  56  5:57  Robotics Facility  
Show
View Real Time Build Order
Export as new Build Order

Pokebunny Terran - Winner!

Build Orders: Reaper Expand 

Get SALT Encoding   

  12  0:01  SCV  
  13  0:13  SCV  
  14  0:18  Supply Depot  
  14  0:25  SCV  
  15  0:39  SCV  
  15  0:40  Barracks  
  16  0:44  Refinery  
  16  0:51  SCV  
  17  1:04  SCV  
  18  1:16  SCV  
  19  1:27  Reaper  
  19  1:28  Orbital Command  
  20  1:41  Command Center  
  20  1:53  SCV  
  21  1:54  Supply Depot  
  21  1:59  Marine  
  22  2:05  SCV  
  23  2:09  Factory  
  23  2:14  Refinery  
  23  2:17  Marine, SCV  
  25  2:29  Bunker  
  25  2:34  SCV  
  25  2:35  Marine  
  27  2:46  SCV  
  28  2:52  Widow Mine  
  28  2:54  Starport  
  28  2:58  SCV  
  31  3:03  Marine  
  31  3:04  Orbital Command  
  32  3:12  Engineering Bay, SCV  
  33  3:22  Factory Reactor  
  33  3:23  Factory Tech Lab  
  33  3:25  SCV  
  34  3:36  Orbital Command  
  34  3:39  Marine  
  35  3:43  Siege Tank  
  35  3:44  Barracks x2  
  38  3:49  Missile Turret  
  38  3:54  Missile Turret  
  38  3:56  Missile Turret  
  38  4:00  Medivac  
  38  4:02  SCV  
  41  4:04  SCV  
  42  4:12  Barracks Reactor  
  42  4:18  Siege Tank  
  42  4:20  SCV  
  46  4:33  Barracks Tech Lab  
  46  4:34  Barracks Reactor  
  46  4:37  Supply Depot  
  46  4:39  Supply Depot  
  46  4:57  Marine  
  46  4:58  Marine x2  
  46  4:59  SCV x2  
  49  5:11  SCV  
  49  5:12  Marine  
  49  5:13  Marine  
  49  5:14  Marine  
  49  5:16  Marine  
  49  5:17  Siege Tank  
  49  5:19  Supply Depot  
  54  5:21  Marine  
  54  5:33  Marine  
  54  5:42  Supply Depot  
  54  5:45  Marine  
  54  5:52  Supply Depot  
  54  5:53  Supply Depot  
  54  5:54  Marine x4, SCV x2  
Tags
 
Add a new tag
Caveats
  • Supply blocks, unpowered buildings, or Contaminate may cause inaccurate times.
  • Supply counts are checked every 10 seconds.